 Dungeon Crawl Stone Soup version 0.30-a0-149-g7f746667c4 (webtiles) character file.

Game seed: 1218134303801220836

716 freelancePsychic the Fighter (level 7, -2/80 HPs)
             Began as an Ogre Wanderer on Sept 26, 2022.
             Was an Initiate of Gozag.
             Slain by Grinder (6 damage)
             ... on level 5 of the Dungeon.
             The game lasted 00:11:36 (4838 turns).

freelancePsychic the Fighter (Ogre Wanderer)        Turns: 4838, Time: 00:11:37

Health: -2/80      AC:  7    Str: 18 (19) XL:     7   Next: 69%
Magic:  7/7        EV: 10    Int: 15 (17) God:    Gozag
Gold:   179        SH:  5    Dex:  8 (9)  Spells: 6/6 levels left

rFire   + + .      SeeInvis +    b - +2 short sword "Virreok" {vorpal, Int+3}
rCold   + . .      Faith    .    (no shield)
rNeg    . . .      Spirit   .    f - +0 robe
rPois   +          Reflect  +    (helmet restricted)
rElec   +          Harm     .    (no cloak)
rCorr   +          Rampage  .    (gloves unavailable)
Will    .....                    (boots unavailable)
Stlth   +.........               l - amulet of reflection
HPRegen 0.23/turn                h - +4 ring of protection
MPRegen 0.10/turn                n - ring of see invisible

@: resistant
A: large, unfitting armour, tough skin 1, see invisible, clever 1, fire
resistance 1
a: Renounce Religion, Potion Petition, Call Merchant, Bribe Branch


You were on level 5 of the Dungeon.
You worshipped Gozag.
Gozag was aware of your devotion.
You visited 2 branches of the dungeon, and saw 6 of its levels.

You collected 302 gold pieces.
You paid 123 gold pieces to Gozag.

Inventory:

Hand Weapons
 a - a +2 sling
 b - the +2 short sword "Virreok" (weapon) {vorpal, Int+3}
   (You found it on level 3 of the Dungeon)

   It inflicts extra damage upon your enemies.
   Int:       It affects your intelligence (+3).
 d - a +0 dagger
Missiles
 q - 11 stones (quivered)
Armour
 f - a +0 robe (worn)
Jewellery
 h - a +4 ring of protection (left hand)
 j - an amulet of guardian spirit
 l - an amulet of reflection (around neck)
 n - a ring of see invisible (right hand)
 o - a +6 ring of strength
Scrolls
 c - a scroll of noise
Potions
 g - a potion of degeneration
 i - a potion of brilliance
 k - a potion of mutation


   Skills:
 + Level 8.3 Fighting
 * Level 0.8 Long Blades
 - Level 3.0 Axes
 - Level 2.1 Ranged Weapons
 - Level 4.3 Throwing
 - Level 3.2 Dodging
 - Level 0.6 Translocations


You had 6 spell levels left.
You didn't know any spells.
Your spell library contained the following spells:

 Spells                   Type           Power      Damage    Failure   Level
 Blink                    Tloc           2%         N/A       32%         2
 Lesser Beckoning         Tloc           1%         N/A       54%         3
 Manifold Assault         Tloc           1%         N/A       91%         4


Dungeon Overview and Level Annotations

Branches:
Dungeon (5/15)             Temple (1/1) D:5

Altars:
Ashenzari
Cheibriados
Dithmenos
Elyvilon
Fedhas
Gozag
Hepliaklqana
Makhleb
Nemelex Xobeh
Okawaru
Qazlal
Ru
Sif Muna
Trog
Uskayaw
Vehumet
Wu Jian
Xom
The Shining One

Shops:
D:4 (

Annotations:
D:5 Grinder


Innate Abilities, Weirdness & Mutations

You are too large for most types of armour.
You have tough skin. (AC +1)
You have supernaturally acute eyesight. (SInv)
Your mind is acute. (Int +4, Str/Dex -1)
Your flesh is heat resistant. (rF+)


Message History

Grinder is moderately wounded.
Grinder hits you.
You writhe in agony.
You hit Grinder but do no damage.
Grinder is moderately wounded.
Grinder gestures at you.
You suddenly lose the ability to move!
Grinder hits you.
You writhe in agony.
Grinder hits you.
You writhe in agony.
You can move again.
Unknown command.
Unknown command.
Unknown command.
You hit Grinder but do no damage.
Grinder is moderately wounded.
Grinder barely misses you.
You closely miss Grinder.
Grinder is moderately wounded.
Grinder hits you.
You writhe in agony.
* * * LOW HITPOINT WARNING * * *
You hit Grinder.
Grinder is heavily wounded.
Grinder hits you but does no damage.
Press: ? - help, v - describe, . - travel
Here: Grinder (heavily wounded)
The floor, spattered with blood.
You completely miss Grinder.
Grinder is heavily wounded.
Grinder gestures at you. Pain shoots through your body!
* * * LOW HITPOINT WARNING * * *
Okay, then.
Okay, then.
You barely miss Grinder.
Grinder is moderately wounded.
Grinder says, "There's only one good use for a tongue: cutting it out."
Grinder hits you.
* * * LOW HITPOINT WARNING * * *
You writhe in agony.
You die...
Your body crumbles into a pile of gold.

###..#####.###.#
#..# #. #.# .>..
.. #.# ..## ##.
#.# #.. #.# #..
#.# ##.. #.#
.###...###.#
........5@.#
####..###### #.
.. ##


You could see Grinder.

Vanquished Creatures
  An ogre (D:4)
  A necrophage (D:4)
  2 scorpions (D:4)
  3 hounds
  A jelly (D:4)
  Jessica (D:2)
  3 orc wizards (D:4)
  Terence (D:2)
  6 adders
  5 gnolls
  An ufetubus (D:5)
  A worm (D:2)
  5 dart slugs
  13 orcs
  5 bats
  7 endoplasms
  4 giant cockroaches
  7 goblins
  7 hobgoblins
  3 jackals (D:3)
  8 quokkas
  6 ball pythons
  3 frilled lizards
  9 kobolds
  6 rats
109 creatures vanquished.

Vanquished Creatures (others)
  22 plants (D:3)
22 creatures vanquished.

Grand Total: 131 creatures vanquished

Notes
Turn   | Place    | Note
-------+----------+-------------------------------------------
     0 | D:1      | freelancePsychic the Ogre Wanderer began the quest for the
                  | Orb.
     0 | D:1      | freelancePsychic set off with the following items: a +2
                  | sling, a +0 hand axe, 13 poisoned darts, a +0 dagger, a
                  | potion of invisibility, a +0 robe.
     0 | D:1      | Reached XP level 1. HP: 16/16 MP: 1/1
   109 | D:1      | Reached skill level 1 in Fighting
   195 | D:1      | Reached skill level 2 in Fighting
   195 | D:1      | Reached XP level 2. HP: 28/28 MP: 2/2
   460 | D:1      | Reached skill level 3 in Fighting
   634 | D:1      | Reached XP level 3. HP: 37/37 MP: 3/3
   922 | D:2      | Noticed Jessica
   937 | D:1      | Reached skill level 4 in Fighting
   937 | D:1      | Reached XP level 4. HP: 42/49 MP: 4/4
   994 | D:2      | Killed Jessica
   995 | D:2      | Reached skill level 5 in Fighting
  1576 | D:2      | Noticed Terence
  1591 | D:2      | Killed Terence
  1592 | D:2      | Reached skill level 6 in Fighting
  1592 | D:2      | Reached XP level 5. HP: 34/59 MP: 3/5
  2082 | D:3      | Found a glowing golden altar of the Shining One.
  2220 | D:3      | Identified the +2 short sword "Virreok" {vorpal, Int+3}
  3251 | D:3      | Found a faded altar of an unknown god.
  3473 | D:4      | Reached XP level 6. HP: 68/68 MP: 6/6
  3491 | D:4      | Reached skill level 7 in Fighting
  3658 | D:4      | Reached XP level 7. HP: 15/79 MP: 7/7
  3688 | D:4      | Reached skill level 8 in Fighting
  4273 | D:4      | Found Wump's Weapon Boutique.
  4440 | D:4      | Found a blossoming altar of Fedhas.
  4503 | D:5      | Entered Level 5 of the Dungeon
  4538 | D:5      | Found a staircase to the Ecumenical Temple.
  4585 | Temple   | Entered the Ecumenical Temple
  4697 | Temple   | Became a worshipper of Gozag Ym Sagoz the Greedy
  4812 | D:5      | Noticed Grinder
  4813 | D:5      | Gained mutation: Your flesh is heat resistant. (rF+)
                  | [potion of mutation]
  4813 | D:5      | Gained mutation: Your mind is acute. (Int +4, Str/Dex -1)
                  | [potion of mutation]
  4813 | D:5      | Gained mutation: You have supernaturally acute eyesight.
                  | (SInv) [potion of mutation]
  4816 | D:5      | Paralysed by Grinder for 5 turns
  4831 | D:5      | Paralysed by Grinder for 3 turns
  4838 | D:5      | HP: 4/80 [Grinder (4)]
  4838 | D:5      | Slain by Grinder

Illustrated notes

Levels and vault maps discovered:
D:1:      lightli_arrival_noodles, layout_basic, hangedman_feature_mirror,
          chequers_serial_rivers_micro_d
D:2:      layout_loops_corners, uniq_jessica, uniq_terence
D:3:      wad_woods_settlement, layout_basic, mainiacjoe_overflow_paths,
          hellmonk_ecumenical_altar_slurped_away
D:4:      layout_basic, fedhas_altar_decomposition,
          nicolae_yredelemnul_ghost_church, serial_shops,
          nicolae_shop_hallway_stairs, nicolae_shop_advertising_works
          [nicolae_subvault_shop_adworks], shop, shop, minmay_bisected
D:5:      layout_loops_ring, minmay_temple_entry_overgrown,
          nicolae_ossuary_entry_giza, gammafunk_ghost_stat_death,
          uniq_blork_the_orc, uniq_sigmund, uniq_grinder
Temple:   minmay_temple_bridge_d

Skill      XL: |  1  2  3  4  5  6  7 |
---------------+----------------------+-----
Fighting       | 2 3 4 6 7 8 |  8.3
Dodging        | 2 3 |  3.2
Throwing       | 4 |  4.3
Long Blades    | |  0.8
Axes           | |  3.0
Ranged Weapons | |  2.1
Translocations | |  0.6

Action                   |  1- 3 |  4- 6 |  7- 9 || total
-------------------------+-------+-------+-------++-------
Melee: Short sword       |       |       |    36 ||    36
       Unarmed           |       |       |    18 ||    18
 Fire: Sling             |    77 |   225 |    56 ||   358
Throw: Dart              |     6 |    27 |     2 ||    35
       Stone             |       |       |     2 ||     2
Evoke: Wand              |       |       |     1 ||     1
  Use: Scroll            |       |     5 |     1 ||     6
       Potion            |       |     1 |     7 ||     8
Armor: Robe              |    17 |    62 |    42 ||   121
       Skin              |       |       |    23 ||    23
Dodge: Dodged            |    20 |    65 |    33 ||   118
Block: Other             |       |    17 |    24 ||    41
       Reflection        |       |       |     1 ||     1

Table legend: (Time is in decaauts)
 A = Elapsed time spent in this place.
 B = Non-inter-level travel time spent in this place.
 C = Inter-level travel time spent in this place.
 D = Time resting spent in this place.
 E = Time spent auto-exploring this place.
 F = Levels seen in this place.
 G = Mean time per level.
                   A        B        C        D        E       F      G
               +--------+--------+--------+--------+--------+-----+--------+
         Total |   4941 |   4753 |    188 |    229 |   3560 |   6 |  823.5 |
       Dungeon |   4757 |   4666 |     91 |    229 |   3484 |   5 |  951.4 |
        Temple |    184 |     87 |     97 |      0 |     76 |   1 |  184.0 |
               +--------+--------+--------+--------+--------+-----+--------+

Top non-repeatable levels by time:
     D:3: 1677 daAuts
     D:2: 1114 daAuts
     D:1: 981 daAuts
     D:4: 834 daAuts
  Temple: 184 daAuts
     D:5: 148 daAuts
